 Dungeon Crawl Stone Soup version 0.26-a0-652-gafc20e3620 (webtiles) character file.

Game seed: 11508086332965528800

51 GarryLv the Insei (level 3, -2/23 HPs)
             Began as an Octopode Transmuter on Oct 3, 2020.
             Slain by a jackal (3 damage)
             ... on level 2 of the Dungeon.
             The game lasted 00:10:14 (2454 turns).

GarryLv the Insei (Octopode Transmuter)             Turns: 2454, Time: 00:10:15

Health: -2/23      AC:  1    Str:  9    XL:     3   Next: 83%
Magic:  7/7        EV: 14    Int: 16    God:
Gold:   80         SH:  0    Dex: 18    Spells: 6/7 levels left

rFire    . . .     SeeInvis .     - Unarmed
rCold    . . .     Faith    .   (no shield)
rNeg     . . .     Spirit   .   (helmet restricted)
rPois    .         Reflect  .   (no amulet)
rElec    .         Harm     .   e - +6 ring of dexterity
rCorr    .         Rampage  .   (no ring)
MR       .....                  (no ring)
Stlth    +++.......             (no ring)
HPRegen  0.07/turn              (no ring)
MPRegen  0.10/turn              (no ring)
                                (no ring)
                                (no ring)

@: no status effects
A: almost no armour, stealthy swim, amphibious, 8 rings, constrict 8, camouflage
1, gelatinous body 1
a: no special abilities


You were on level 2 of the Dungeon.
You visited 1 branch of the dungeon, and saw 3 of its levels.

You collected 80 gold pieces.

Inventory:

Missiles
 b - 67 sling bullets
 g - 5 javelins (quivered)
Armour
 c - a +0 pair of gloves
Jewellery
 e - a +6 ring of dexterity (left tentacle)
Scrolls
 a - 3 scrolls of teleportation {unknown}
 f - 2 scrolls of blinking {unknown}
Potions
 d - a potion of haste {unknown}
 h - a potion of heal wounds {unknown}


   Skills:
 * Level 1.1 Fighting
 + Level 2.2 Dodging
 - Level 0.2 Stealth
 * Level 3.5 Unarmed Combat
 + Level 2.7 Spellcasting
 * Level 2.3 Transmutations


You had 6 spell levels left.
You knew the following spells:

 Your Spells              Type           Power        Failure   Level
a - Beastly Appendage     Tmut           #.....       8%          1

Your spell library contained the following spells:

 Spells                   Type           Power        Failure   Level
 Wereblood                Tmut           #.......     11%         2
 Spider Form              Tmut/Pois      #.........   34%         3
 Ice Form                 Ice/Tmut       #.......     75%         4
 Blade Hands              Tmut           #.........   90%         5


Dungeon Overview and Level Annotations

Branches:
Dungeon (3/15)

Altars:


Innate Abilities, Weirdness & Mutations

You cannot wear most types of armour.
You are very stealthy in the water. (Stealth+)
You are amphibious.
You can wear up to eight rings at the same time.
You can use your tentacles to constrict eight enemies at once.
Your skin changes colour to match your surroundings (Stealth+).
Your rubbery body absorbs attacks. (AC +1, EV +1)


Message History

The jackal bites you.
Your magical contamination has completely faded away.
You release your grip on the jackal.
The jackal barely misses you. The jackal bites you.
An orc comes into view. It is wielding a +0 whip.
There is a stone staircase leading up here.
Magic restored.
The jackal bites you. x2; The orc hits you with a +0 club.
* * * LOW HITPOINT WARNING * * *
The jackal bites you.
* * * LOW HITPOINT WARNING * * *
You climb upwards.
There is a stone staircase leading down here.
Things that are here:
2 stones; a kobold skeleton You barely miss the jackal.
You grab the jackal. You squeeze the jackal.
The jackal is heavily wounded.
You constrict the jackal. The jackal barely misses you.
The orc hits you but does no damage. The jackal closely misses you.
The jackal bites you.
You die...

.(......#.# #.# #..#
..........# #.####..#
####....#.###.##<...#
##.###.....#####.#
#####.####.########.#
....................#
#####.####.##########
#.......##.###########
...............o@h...#
#............##h####.#
#.......##...##.# #.#
#.......###..##.# #.#
#.......# #..##.# #.#
#.......# #..##.# #.#
#.......# #..##.# #.#
.>......# #..##.####.#
........# #..........#


You could see an orc and 2 jackals.

Vanquished Creatures
  An adder (D:2)
  2 dart slugs
  A giant cockroach (D:2)
  4 goblins
  3 hobgoblins
  7 jackals
  6 kobolds
  4 bats
  2 frilled lizards (D:2)
  7 rats
37 creatures vanquished.

Notes
Turn   | Place    | Note
-------+----------+-------------------------------------------
     0 | D:1      | GarryLv the Octopode Transmuter began the quest for the
                  | Orb.
     0 | D:1      | Reached XP level 1. HP: 13/13 MP: 3/3
   207 | D:1      | Reached XP level 2. HP: 18/18 MP: 0/5
   906 | D:1      | Reached XP level 3. HP: 19/23 MP: 6/6
  2452 | D:3      | HP: 1/23 [jackal (1)]
  2454 | D:2      | Slain by a jackal

Illustrated notes

Levels and vault maps discovered:
D:1:      dpeg_arrival_connections, layout_basic, minmay_tromino_v7
D:2:      layout_basic
D:3:      layout_rooms, uniq_jessica

Action                   || total
-------------------------++-------
Melee: Unarmed           ||    62
       Constrict         ||    21
       Tentacles         ||    18
       Kick              ||     8
       Punch             ||     3
Throw: Javelin           ||     7
 Cast: Beastly Appendage ||     8
  Use: Scroll            ||     3
 Stab: Sleeping          ||     5
Armor: Skin              ||    11
Dodge: Dodged            ||    63

Table legend: (Time is in decaauts)
 A = Elapsed time spent in this place.
 B = Non-inter-level travel time spent in this place.
 C = Inter-level travel time spent in this place.
 D = Time resting spent in this place.
 E = Time spent auto-exploring this place.
 F = Levels seen in this place.
 G = Mean time per level.
                   A        B        C        D        E       F      G
               +--------+--------+--------+--------+--------+-----+--------+
         Total |   2456 |   2066 |    390 |    603 |      0 |   3 |  818.7 |
       Dungeon |   2456 |   2066 |    390 |    603 |      0 |   3 |  818.7 |
               +--------+--------+--------+--------+--------+-----+--------+

Top non-repeatable levels by time:
     D:1: 1322 daAuts
     D:2: 1123 daAuts
     D:3: 11 daAuts
